 Dungeon Sprint DCSS version 0.31-a0-18-gea43df2a32 (webtiles) character file.

Game seed: 13616126175795007598

737 sircluck the Grappler (level 7, -3/118 HPs)
             Began as a Troll Berserker on May 10, 2023.
             Was an Elder of Trog.
             Slain by a boulder beetle (6 damage)
             ... in the Dungeon (Sprint II: "The Violet Keep of Menkaure").
             The game lasted 00:00:59 (137 turns).

sircluck the Grappler (Troll Berserker)              Turns: 137, Time: 00:01:00

Health: -3/118     AC:  4    Str: 28    XL:     7   Next: 46%
Magic:  5/5        EV: 12    Int:  1    God:    Trog [****..]
Gold:   486        SH:  0    Dex:  9    Spells: 6/6 levels left

rFire   . .          .
                       - Unarmed
rCold   . . .        (no shield)
rNeg    . . .        a - +0 animal skin
rPois   .            (helmet restricted)
rElec   .            (no cloak)
rCorr   .            (gloves unavailable)
SInv    .            (boots unavailable)
Will    .....        (no amulet) Stlth
                     (no ring)
HPRegen 1.19/turn    (no ring)
MPRegen 0.09/turn

%: no teleportation
@: berserking, very quick
A: large, unfitting armour, claws 3, regeneration 1, shaggy fur 1, tough skin 1,
dopey 1, low MP 1, screaming 1
a: Renounce Religion, Berserk, Trog's Hand, Brothers in Arms


You were in the Dungeon.
You worshipped Trog.
Trog was greatly pleased with you.
You visited 1 branch You collected 486 gold pieces.

Inventory:

Armour
 a - a +0 animal skin (worn)
Scrolls
 g - a scroll of blinking
Potions
 b - a potion of curing
 c - a potion of heal wounds
 d - a potion of haste
 e - 2 potions of magic
 f - a potion of berserk rage


   Skills:
 + Level 7.8 Fighting
 + Level 8.1 Dodging
 + Level 10.9 Unarmed Combat


You had 6 spell levels left.
You didn't know any spells.
Your spell library was empty.

Dungeon Overview and Level Annotations

Branches:
Dungeon (1/1)

Altars:


Innate Abilities, Weirdness & Mutations

You are too large for most types of armour.
You have claws for hands.
Your natural rate of healing is unusually fast.
You are covered in fur. (AC +1)
You have tough skin. (AC +1)
You are dopey. (Int -2)
Your magical capacity is low. (-10% MP)
You occasionally shout uncontrollably at your foes.


Message History

The boulder beetle leaps!
The boulder beetle closely misses you.
You scratch the boulder beetle but do no damage.
The boulder beetle bites you!!
* * * LOW HITPOINT WARNING * * *
You are too injured to fight recklessly!
You are too injured to fight recklessly!
You are too injured to fight recklessly!
You are too injured to fight recklessly!
You are too injured to fight recklessly!
You are too injured to fight recklessly!
The boulder beetle attacks as you move away!
The boulder beetle bites you!
* * * LOW HITPOINT WARNING * * *
The boulder beetle curls into a ball and begins rolling!
There is an open door here.
A red film seems to cover your vision as you go berserk!
You feel yourself moving faster!
You feel mighty! The boulder beetle barely misses you.
You claw the boulder beetle!
The boulder beetle is lightly wounded.
You mangle the boulder beetle!!
The boulder beetle is severely wounded.
The boulder beetle bites you!
* * * LOW HITPOINT WARNING * * *
You claw the boulder beetle!
The boulder beetle is severely wounded.
The boulder beetle stops rolling and uncurls.
You scratch the boulder beetle but do no damage.
The boulder beetle is severely wounded.
The boulder beetle misses you.
You scratch the boulder beetle.
The boulder beetle is severely wounded.
You scratch the boulder beetle.
The boulder beetle is almost dead.
The boulder beetle bites you.
* * * LOW HITPOINT WARNING * * *
You scratch the boulder beetle.
The boulder beetle is almost dead.
The boulder beetle bites you.
You die...

#~~#+++#+++##
~~~.........#
##+# ##.#.#
#..##.#
####.†#####
##.###'# #.##
#...##.##...#
#'.BB@#
#..†##.##..$#
##.###'###.##
## #...# ##
#.##..# ##
###


You could see 2 boulder beetles.

Vanquished Creatures
  4 neqoxecs (D)
  4 necrophages (D)
  3 worms (D)
11 creatures vanquished.

Notes
Turn   | Place    | Note
-------+----------+-------------------------------------------
     0 | D        | sircluck the Troll Berserker began the quest for the Orb.
     0 | D        | Reached XP level 1. HP: 22/22 MP: 0/0
    15 | D        | Noticed an ice statue
    20 | D        | Reached ** piety under Trog
    21 | D        | Reached XP level 2. HP: 25/31 MP: 1/1
    29 | D        | Noticed a boulder beetle
    29 | D        | Noticed a boulder beetle
    33 | D        | Noticed a neqoxec
    33 | D        | Noticed a neqoxec
    33 | D        | Noticed a neqoxec
    33 | D        | Noticed a neqoxec
    39 | D        | Killed a neqoxec
    40 | D        | Reached skill level 5 in Fighting
    40 | D        | Reached skill level 5 in Dodging
    40 | D        | Reached skill level 6 in Unarmed Combat
    40 | D        | Reached XP level 3. HP: 38/42 MP: 2/2
    40 | D        | Reached XP level 4. HP: 45/50 MP: 3/3
    47 | D        | Killed a neqoxec
    48 | D        | Reached skill level 8 in Unarmed Combat
    48 | D        | Reached XP level 5. HP: 51/59 MP: 4/4
    49 | D        | Killed a neqoxec
    49 | D        | Reached *** piety under Trog
    49 | D        | Gained mutation: You occasionally shout uncontrollably at
                  | your foes. [a neqoxec]
    50 | D        | Reached skill level 9 in Unarmed Combat
    50 | D        | Reached XP level 6. HP: 42/68 MP: 5/5
    52 | D        | Gained mutation: You have hidden genetic defects. [a
                  | neqoxec]
    53 | D        | Killed a neqoxec
    56 | D        | Gained mutation: Your magical capacity is low. (-10% MP)
                  | [hidden defects]
   102 | D        | Reached skill level 10 in Unarmed Combat
   102 | D        | Reached XP level 7. HP: 74/78 MP: 5/5
   104 | D        | Reached **** piety under Trog
   110 | D        | Gained mutation: You are dopey. (Int -2) [hidden defects]
   110 | D        | Lost mutation: You have hidden genetic defects. [hidden
                  | defects expressed]
   132 | D        | HP: 3/118 [boulder beetle (7)]
   137 | D        | Slain by a boulder beetle

Illustrated notes

Levels and vault maps discovered:
D:        the_violet_keep_of_menkaure [sprint2_stairs_cluster_1,
          sprint2_shoproom, sprint2_temple, sprint2_basic_supplies,
          sprint2_obstacle_1, sprint2_obstacle_4, sprint2_obstacle_2,
          sprint2_obstacle_6, sprint2_obstacle_5, sprint2_timed_cluster_1,
          sprint2_smallroom_cluster_1, sprint2_smallroom_final_cluster_1,
          sprint2_transparent_cluster_1, sprint2_second_timed_cluster_1,
          sprint2_sniper_area_1, sprint2_heavy_combat_area_1,
          sprint2_mutation_trap_area_1, sprint2_forest_area_1,
          sprint2_light_combat_area_1, sprint2_behind_water_1,
          sprint2_near_end_vault_1]

Skill      XL: |  1  2  3  4  5  6  7 |
---------------+----------------------+-----
Fighting       | 3 5 6 7 |  7.8
Dodging        | 3 5 6 7 8 |  8.1
Unarmed Combat | 6 8 9 10 | 10.9

Action                     |  1- 3 |  4- 6 |  7- 9 || total
---------------------------+-------+-------+-------++-------
  Melee: Unarmed           |    16 |    18 |    26 ||    60
         Punch             |     1 |     1 |     2 ||     4
 Invoke: Berserk           |     1 |       |     1 ||     2
 Armour: Animal skin       |       |     2 |     2 ||     4
  Dodge: Dodged            |     3 |     6 |     8 ||    17

Table legend: (Time is in decaauts)
 A = Elapsed time spent in this place.
 B = Non-inter-level travel time spent in this place.
 C = Inter-level travel time spent in this place.
 D = Time resting spent in this place.
 E = Time spent auto-exploring this place.
 F = Levels seen in this place.
 G = Mean time per level.
                   A        B        C        D        E       F      G
               +--------+--------+--------+--------+--------+-----+--------+
         Total |    137 |    134 |      3 |     36 |      7 |   1 |  137.0 |
       Dungeon |    137 |    134 |      3 |     36 |      7 |   1 |  137.0 |
               +--------+--------+--------+--------+--------+-----+--------+

Top non-repeatable levels by time:
       D: 137 daAuts
